Map: Incorporeal LE

Players

SHIN - Winner!

  • Race: Zerg Zerg
  • Spawn Location: 11:00

trigger

  • Race: Protoss Protoss
  • Spawn Location: 5:00

Event: Esports World Cup 2025

VOD

Have the link to the VOD?

Description

Time

  • Played on: July 23, 2025, 5:39 a.m.
  • Length: 12:02

All games in this series

Show
View Real Time Build Order
Export as new Build Order

SHIN Zerg - Winner!

Build Orders: Hatch First 

Get SALT Encoding   

  12  0:00  Drone  
  13  0:07  Drone  
  14  0:14  Drone, Extractor  
  15  0:21  Overlord  
  15  0:40  Drone x2  
  17  0:49  Hatchery  
  16  0:52  Drone  
  16  0:56  Drone  
  18  1:06  Extractor  
  18  1:11  Spawning Pool  
  16  1:13  Drone  
  16  1:17  Drone  
  18  1:26  Drone  
  19  1:37  Drone  
  20  1:47  Drone  
  21  1:59  Zergling x2  
  21  2:00  Queen  
  21  2:01  Queen  
  24  2:02  Zergling x2  
  27  2:09  Overlord  
  27  2:11  Metabolic Boost  
  27  2:12  Zergling x2  
  28  2:28  Drone x2  
  30  2:34  Zergling x2  
  30  2:35  Zergling x2  
  32  2:39  Queen  
  34  2:47  Hatchery  
  34  2:49  Zergling x2  
  34  2:50  Zergling x2  
  35  2:55  Overlord  
  35  2:59  Drone  
  36  3:13  Overlord  
  36  3:14  Zergling x2, Drone  
  36  3:16  Drone  
  36  3:17  Drone  
  40  3:20  Drone  
  40  3:26  Drone  
  40  3:27  Drone x2  
  43  3:32  Spore Crawler  
  43  3:33  Drone  
  42  3:34  Drone  
  42  3:39  Drone  
  44  3:42  Drone x3  
  44  3:46  Spore Crawler  
  46  3:48  Drone  
  46  3:50  Drone  
  46  3:52  Drone  
  46  3:53  Zergling x2  
  49  3:57  Drone x2  
  50  4:05  Drone x2  
  50  4:07  Drone  
  53  4:10  Overlord  
  53  4:13  Drone x2  
  53  4:14  Queen  
  55  4:20  Overlord, Spore Crawler  
  54  4:24  Evolution Chamber  
  54  4:25  Drone x2  
  54  4:28  Drone  
  54  4:31  Drone x2  
  58  4:35  Zergling x6  
  62  4:38  Zergling x2  
  62  4:40  Drone  
  62  4:43  Drone x3  
  66  4:49  Zerg Melee Weapons Level 1  
  66  4:51  Queen  
  68  4:53  Overlord  
  68  4:54  Drone  
  68  4:56  Drone x2  
  68  5:00  Overlord  
  68  5:02  Drone  
  68  5:03  Drone  
  68  5:04  Drone  
  68  5:06  Drone  
  72  5:10  Drone, Overlord  
  72  5:11  Drone  
  73  5:15  Lair  
  73  5:18  Drone  
  73  5:19  Drone, Extractor  
  73  5:20  Extractor  
  73  5:22  Drone x3  
  73  5:26  Drone x4  
  80  5:33  Hatchery  
  79  5:35  Queen  
  79  5:38  Drone  
  79  5:40  Extractor  
  79  5:41  Baneling Nest  
  79  5:42  Drone x2  
  82  5:43  Drone  
  82  5:45  Drone  
  82  5:46  Drone  
  82  5:47  Drone  
  87  5:50  Drone x2  
  87  5:53  Extractor  
  87  5:54  Zergling x4  
  89  5:58  Overlord x3  
  89  6:10  Overlord  
  89  6:15  Overlord  
  89  6:16  Overlord  
  89  6:17  Zergling x14, Hydralisk Den  
  95  6:21  Hatchery  
  95  6:22  Overseer  
  94  6:26  Zergling x4  
  94  6:30  Zergling x6  
  99  6:33  Overlord  
  99  6:34  Zergling x12  
  104  6:43  Zergling x6  
  107  6:47  Baneling x5  
  107  6:49  Grooved Spines  
  107  6:50  Zergling x4  
  107  6:57  Zergling x12  
  107  7:00  Zergling x2  
  106  7:02  Zergling x10  
  106  7:03  Zergling x2, Queen  
  106  7:07  Drone x2  
  102  7:14  Drone x2  
  99  7:17  Zergling x2  
  99  7:18  Zergling x2  
  87  7:24  Drone x2  
  87  7:25  Drone  
  87  7:26  Drone x2  
  87  7:29  Hydralisk x2  
  90  7:32  Zerg Missile Weapons Level 1  
  90  7:33  Zergling x2  
  90  7:34  Hydralisk  
  97  7:37  Zergling x4  
  97  7:39  Muscular Augments  
  97  7:41  Hydralisk  
  97  7:42  Zergling x4  
  104  7:44  Zergling x2  
  104  7:46  Zergling x4  
  104  7:47  Hydralisk  
  104  7:49  Baneling x4  
  104  7:50  Hydralisk, Baneling  
  108  7:51  Zergling x2  
  108  7:53  Hydralisk  
  108  7:57  Zergling x4  
  108  7:58  Zergling x2  
  111  8:00  Zergling x4  
  111  8:03  Zergling x4  
  107  8:08  Zergling x4  
  107  8:09  Zergling x2  
  107  8:11  Hydralisk  
  107  8:12  Zergling x2  
  105  8:13  Zergling x2  
  105  8:15  Zergling x2  
  105  8:17  Hydralisk  
  105  8:18  Zergling x2  
  97  8:20  Zergling x2  
  97  8:22  Baneling x4  
  97  8:26  Drone x3  
  99  8:27  Drone  
  99  8:28  Zergling x2  
  99  8:30  Zergling x4  
  99  8:32  Baneling x2  
  103  8:37  Centrifugal Hooks  
  103  8:38  Hydralisk x2  
  103  8:40  Zergling x2  
  108  8:46  Hydralisk x4  
  116  8:52  Zergling x2  
  116  8:53  Zergling x6  
  116  8:55  Hydralisk x2  
  120  9:02  Hydralisk x2  
  117  9:04  Hydralisk x2  
  114  9:10  Hydralisk x3, Zergling x2  
  114  9:14  Hydralisk x2  
  114  9:16  Zergling x4  
  115  9:19  Zergling x4  
  115  9:20  Hydralisk  
  115  9:22  Hydralisk  
  115  9:24  Zergling x2  
  113  9:25  Hydralisk  
  113  9:28  Hydralisk  
  113  9:30  Drone x2  
  116  9:31  Hydralisk  
  116  9:33  Drone  
  116  9:35  Hydralisk  
  117  9:39  Hydralisk, Zergling x2  
  117  9:40  Zergling x2  
  117  9:43  Zergling x2  
  117  9:45  Zergling x2  
  123  9:46  Hydralisk  
  123  9:47  Hydralisk  
  123  9:51  Hydralisk  
  129  9:53  Zergling x2  
  129  9:54  Zergling x2  
  131  10:00  Hydralisk x2, Zergling x4, Overlord  
  131  10:02  Overlord  
  131  10:04  Overlord  
  134  10:09  Zergling x2  
  134  10:11  Zergling x4  
  133  10:15  Zergling x10  
  133  10:20  Baneling x4  
  133  10:21  Baneling x9  
  138  10:22  Baneling x2  
  138  10:23  Zergling x4  
  138  10:25  Zergling x4  
  143  10:28  Zergling x6  
  143  10:29  Zergling x2  
  143  10:33  Zergling x2  
  143  10:34  Baneling x4  
  147  10:38  Zergling x12  
  147  10:40  Zergling x2  
  154  10:43  Baneling x7  
  154  10:44  Zergling x2  
  150  10:51  Hydralisk x4  
  150  10:54  Zergling x2  
  150  10:55  Zergling x4  
  150  10:57  Zergling x2  
  156  11:00  Zergling x8  
  156  11:01  Zergling x2  
  156  11:02  Zergling x2  
  158  11:04  Zergling x4  
  158  11:08  Zergling x2  
  158  11:10  Hydralisk  
  153  11:14  Zergling x6  
  136  11:21  Hydralisk x2  
  136  11:22  Hydralisk  
  136  11:24  Zergling x4  
  139  11:27  Hydralisk  
  139  11:29  Zergling x4  
  139  11:30  Zergling x2  
  141  11:38  Zergling x8  
  141  11:39  Zergling x2  
Show
View Real Time Build Order
Export as new Build Order

trigger Protoss 

Build Orders: 1 Gate Expand, Oracle Opening 

Get SALT Encoding   

  12  0:00  Probe  
  13  0:12  Probe  
  14  0:20  Pylon  
  14  0:25  Probe  
  15  0:34  Probe  
  15  0:42  Probe  
  16  0:46  Gateway  
  16  0:49  Assimilator  
  17  0:52  Probe  
  18  1:04  Probe  
  19  1:17  Probe  
  20  1:26  Nexus  
  20  1:37  Cybernetics Core  
  20  1:40  Probe  
  20  1:44  Assimilator  
  21  1:52  Probe  
  21  1:53  Pylon  
  22  2:04  Probe  
  22  2:05  Adept  
  25  2:16  Probe  
  26  2:23  Stargate  
  26  2:25  Adept  
  26  2:28  Probe  
  26  2:29  Pylon  
  29  2:38  Probe  
  29  2:40  Probe  
  30  2:44  Warp Gate  
  30  2:50  Probe  
  31  2:52  Probe  
  31  2:55  Adept  
  34  2:59  Oracle  
  34  3:02  Probe  
  35  3:11  Probe  
  39  3:15  Probe  
  39  3:19  Pylon  
  40  3:23  Probe  
  41  3:31  Probe  
  42  3:36  Probe  
  42  3:37  Sentry  
  42  3:38  Pylon  
  45  3:46  Probe  
  46  3:50  Probe  
  46  3:51  Oracle  
  46  3:53  Pylon  
  46  3:58  Probe  
  47  4:06  Probe  
  50  4:14  Pylon  
  50  4:15  Probe  
  50  4:18  Probe  
  50  4:19  Nexus  
  50  4:20  Pylon  
  50  4:24  Probe  
  52  4:29  Gateway  
  53  4:32  Twilight Council  
  53  4:33  Probe  
  53  4:36  Forge  
  53  4:37  Probe  
  54  4:42  Charge  
  54  4:43  Shield Battery  
  54  4:45  Probe  
  56  4:47  Stalker  
  58  4:56  Protoss Ground Weapons Level 1  
  58  5:02  Gateway  
  58  5:03  Probe  
  58  5:05  Gateway  
  60  5:15  Gateway  
  60  5:17  Gateway  
  60  5:19  Gateway  
  59  5:24  Zealot x2  
  59  5:27  Probe  
  64  5:28  Probe  
  64  5:32  Probe  
  66  5:38  Pylon  
  66  5:39  Probe  
  66  5:40  Probe  
  68  5:44  Probe  
  68  5:46  Zealot x2  
  73  5:51  Probe  
  73  5:53  Probe  
  73  5:56  Probe  
  76  5:58  Zealot  
  76  6:02  Zealot  
  76  6:04  Probe  
  81  6:05  Probe  
  81  6:07  Zealot x2  
  81  6:08  Probe  
  81  6:10  Robotics Facility  
  81  6:11  Zealot x2  
  89  6:16  Zealot  
  93  6:18  Probe x2  
  93  6:21  Zealot  
  97  6:29  Probe  
  97  6:31  Probe  
  97  6:32  Probe  
  100  6:34  Assimilator  
  100  6:38  Zealot x2  
  100  6:39  Assimilator  
  104  6:40  Pylon  
  104  6:44  Zealot x2  
  104  6:45  Zealot  
  108  6:49  Pylon  
  108  6:52  Pylon  
  108  6:55  Protoss Ground Weapons Level 2  
  100  7:02  Zealot x4  
  100  7:09  Zealot x3  
  100  7:14  Probe x2  
  98  7:18  Probe  
  98  7:20  Templar Archives  
  98  7:22  Warp Prism  
  93  7:24  Zealot x4  
  85  7:31  Probe  
  85  7:32  Pylon  
  88  7:37  Zealot x3  
  94  7:46  Zealot x4  
  102  7:51  Assimilator  
  102  8:09  Psionic Storm, Zealot x7  
  102  8:11  Probe x2  
  88  8:24  Gateway  
  88  8:26  Gateway  
  82  8:27  Gateway  
  82  8:28  Assimilator  
  82  8:30  High Templar x4  
  82  8:31  Zealot x3  
  96  8:35  Archon x2  
  96  8:36  Pylon  
  96  8:46  Zealot x2  
  100  8:52  Nexus  
  100  8:59  Zealot x2  
  94  9:03  Zealot x3  
  94  9:09  Zealot x2  
  84  9:18  Immortal  
  84  9:20  Pylon, Zealot x3  
  84  9:25  High Templar x5  
  90  9:35  Zealot x2  
  88  9:42  Shield Battery, Photon Cannon, High Templar x2  
  88  9:45  Zealot  
  94  9:46  Archon  
  94  9:48  Shield Battery, Photon Cannon  
  94  9:50  Immortal  
  94  9:53  Protoss Ground Armor Level 1  
  94  9:58  Zealot x3  
  104  10:01  Zealot  
  104  10:06  Zealot  
  105  10:11  Probe  
  105  10:16  High Templar x2  
  105  10:19  Probe  
  110  10:21  Archon  
  110  10:25  Immortal, Robotics Facility  
  111  10:29  Probe  
  111  10:33  Assimilator  
  111  10:35  Assimilator  
  116  10:40  Zealot x5  
  124  10:54  Zealot x5  
  111  11:04  Observer  
  111  11:05  Zealot x5  
  112  11:15  Zealot x5  
  86  11:26  Zealot  
  74  11:34  Zealot x3  
Tags
 
Add a new tag
Caveats
  • Supply blocks, unpowered buildings, or Contaminate may cause inaccurate times.
  • Supply counts are checked every 10 seconds.